 Dungeon Crawl Stone Soup version 0.21-a0-632-g1e37ce5 (webtiles) character file.

5847 Amnesiac the Spear-Bearer (level 10, -2/76 HPs)
             Began as a Merfolk Monk on Dec 28, 2017.
             Was a High Priest of Okawaru.
             Slain by a two-headed ogre
             ... wielding a +0 dire flail
              (13 damage)
             ... on level 10 of the Dungeon.
             The game lasted 00:15:17 (9725 turns).

Amnesiac the Spear-Bearer (Merfolk Monk)            Turns: 9725, Time: 00:15:17

Health: -2/76      AC: 14    Str: 16    XL:     10   Next: 80%
Magic:  16/16      EV:  8    Int:  9    God:    Okawaru [*****.]
Gold:   106        SH:  0    Dex: 19    Spells: 9/9 levels left

rFire    . . .     SeeInvis .   b - +0 halberd
rCold    + . .     Gourm    .   (shield currently unavailable)
rNeg     + . .     Faith    .   G - +0 plate armour {rN+}
rPois    .         Spirit   .   (no helmet)
rElec    .         Reflect  .   (no cloak)
rCorr    .         Harm     .   t - +0 pair of gloves {Dex+3}
MR       .....                  B - +0 pair of boots
Stlth    ..........             (no amulet)
HPRegen  0.22/turn              A - ring of ice
MPRegen  0.15/turn              h - ring of protection from fire

@: no status effects
A: change form in water, swift swim, stealthy swim
a: Heroism, Finesse, Renounce Religion


You were on level 10 of the Dungeon.
You worshipped Okawaru.
Okawaru was extremely pleased with you.
You were hungry.

You visited 1 branch of the dungeon, and saw 10 of its levels.
You also visited: Sewer.

You collected 612 gold pieces.
You spent 506 gold pieces at shops.

Inventory:

Hand Weapons
 b - a +0 halberd (weapon)
Missiles
 g - 296 stones
 i - 35 poisoned needles
 p - a throwing net (quivered)
Armour
 t - a +0 pair of gloves of dexterity (worn)
 B - a +0 pair of boots (worn)
 G - a +0 plate armour of positive energy (worn)
Jewellery
 h - a ring of protection from fire (right hand)
 A - a ring of ice (left hand)
 F - an uncursed ring of fire
Wands
 y - a wand of digging (13)
 E - a wand of paralysis (14)
Scrolls
 d - a scroll of amnesia {!r}
 e - 6 scrolls of teleportation {!r}
 j - 3 scrolls of identify {!r}
 n - a scroll of fog {!r}
 o - a scroll of fear {!r}
 q - a scroll of remove curse {!r}
 v - a scroll of blinking {!r}
Potions
 f - a potion of resistance {!q, unknown}
 k - a potion of mutation {!q, unknown}
 l - 2 potions of agility {!q, unknown}
 m - 2 potions of might {!q}
 r - 3 potions of flight {!q}
 s - 2 potions of cancellation {!q, unknown}
 u - a potion of magic {!q, unknown}
 w - 4 potions of curing {!q}
 x - 2 potions of haste {!q}
 z - a potion of invisibility {!q}
Books
 a - a book of Misfortune

   Spells                             Type                      Level
   a - Confusing Touch                Hexes                        1
   b - Confuse                        Hexes                        3
   c - Gell's Gravitas                Translocation                3
   d - Petrify                        Transmutation/Earth          4
   e - Metabolic Englaciation         Hexes/Ice                    5
   f - Yara's Violent Unravelling     Hexes/Transmutation          5
Comestibles
 c - 9 rations


   Skills:
 + Level 6.1 Fighting
 - Level 14.0 Polearms
 * Level 5.1 Armour
 + Level 7.4 Dodging
 - Level 2.1 Stealth
 + Level 8.7 Invocations


You had 9 spell levels left.
You didn't know any spells.

Dungeon Overview and Level Annotations

Branches:
Dungeon (10/15)            Temple (0/1) D:7            Lair (0/6) D:9
    Orc: D:9-12

Altars:
Elyvilon
Hepliaklqana
Kikubaaqudgha
Makhleb
Okawaru
Yredelemnul

Shops:
D:9 (=(**

Annotations:
D:3 Curus's ghost, weakling HOAK
D:6 exclusion: oklob plant


Message History

An iguana comes into view.
The iguana hisses angrily.
Found a robe.
You see here a gilded ring.
h - a gilded ring Put on which piece of jewellery? (? for menu, Esc to quit)
You're wearing all the rings you can.
Remove which one? (? for menu, Esc to cancel) < or
A - a ring of ice; > or
F - a ring of fire You remove your ring of fire.
h - a ring of protection from fire (right hand)
The two-headed ogre barely misses you. The two-headed ogre closely misses you.
You slash the iguana!
The iguana is severely wounded.
The iguana bites you but does no damage.
You slice the iguana!!
You kill the iguana!
Okawaru accepts your kill.
You hit the worker ant but do no damage.
The worker ant bites you but does no damage.
You closely miss the worker ant. You hit the two-headed ogre.
The two-headed ogre is lightly wounded.
You hit the two-headed ogre.
The two-headed ogre is lightly wounded.
The two-headed ogre hits you with a dire flail!
The two-headed ogre hits you with a giant club.
You hit the two-headed ogre.
The two-headed ogre is moderately wounded.
You puncture the two-headed ogre!
The two-headed ogre is heavily wounded.
The two-headed ogre hits you with a dire flail!
The two-headed ogre barely misses you.
You puncture the two-headed ogre!
The two-headed ogre is heavily wounded.
The two-headed ogre hits you with a dire flail!
The two-headed ogre closely misses you.
You hit the two-headed ogre but do no damage.
The two-headed ogre is heavily wounded.
You puncture the two-headed ogre!
The two-headed ogre is severely wounded.
The two-headed ogre hits you with a dire flail!
* * * LOW HITPOINT WARNING * * *
The two-headed ogre hits you with a giant club!
* * * LOW HITPOINT WARNING * * *
You puncture the two-headed ogre!
The two-headed ogre is almost dead.
The two-headed ogre barely misses you.
The two-headed ogre hits you with a giant club.
* * * LOW HITPOINT WARNING * * *
You are too injured to fight recklessly!
You hit the two-headed ogre.
The two-headed ogre is almost dead.
Unknown command.
You barely miss the two-headed ogre.
The two-headed ogre is almost dead.
The two-headed ogre barely misses you.
The two-headed ogre hits you with a giant club!
* * * LOW HITPOINT WARNING * * *
Unknown command.
You barely miss the two-headed ogre.
The two-headed ogre is almost dead.
The two-headed ogre hits you with a dire flail!
You die...

.. #...# #.#####+#### ## .. ....
# #.##....... ... >####.#
#.######.##.....# ... .....#
#...............## .... #....#
..##.............#
....###.##.####.##.###.#.......#
...#....O.....[..#.# #.#..<....#
.#....#.##.#######.# #.#.......#
........##...†aO@..# #.....###.#
....§§############## ####### #
..§§§.[ .#.§... #.§..## #.....
...... #####.


You could see a two-headed ogre and a worker ant.

Vanquished Creatures
  Prince Ribbit (D:7)
  2 hippogriffs
  5 yaks
  Menkaure (D:7)
  3 wargs
  An orc warrior (D:8)
  2 ice beasts
  3 sky beasts
  4 phantoms
  2 necrophages
  An ogre (D:7)
  5 big kobolds
  3 bullfrogs
  4 scorpions
  A troll zombie (D:8)
  2 wights (D:8)
  2 howler monkeys
  4 crimson imps
  2 centaur zombies
  3 hounds
  3 human zombies (D:8)
  2 centaur skeletons
  3 jellies
  3 gnoll shamans
  5 orc priests
  A bullfrog skeleton (D:7)
  A human skeleton (D:8)
  6 orc wizards
  2 iguanas
  7 worker ants
  2 killer bee zombies
  An ogre skeleton (D:8)
  A hound skeleton (D:4)
  2 mummies (D:8)
  25 gnolls
  6 adders
  4 shadow imps
  2 adder skeletons
  An adder zombie (D:7)
  4 worms
  2 leopard geckos
  25 orcs
  3 giant cockroaches
  13 goblins
  8 hobgoblins
  6 jackals
  4 quokkas
  4 ball pythons
  4 bats
  3 frilled lizards
  27 kobolds
  An orc zombie (D:8)
  2 quokka skeletons
  15 rats
249 creatures vanquished.

Notes
Turn   | Place    | Note
-------+----------+-------------------------------------------
     0 | D:1      | Amnesiac the Merfolk Monk began the quest for the Orb.
     0 | D:1      | Reached XP level 1. HP: 18/18 MP: 1/1
   205 | D:1      | Reached XP level 2. HP: 24/24 MP: 2/2
   247 | D:1      | Reached skill level 5 in Polearms
   368 | D:1      | Reached XP level 3. HP: 29/29 MP: 3/3
  1680 | D:3      | Noticed Curus's ghost (weakling HOAK)
  1867 | D:3      | Reached XP level 4. HP: 36/37 MP: 4/4
  1951 | D:3      | Reached skill level 6 in Polearms
  2709 | D:4      | Reached skill level 1 in Armour
  2709 | D:4      | Reached XP level 5. HP: 28/42 MP: 5/5
  2809 | D:4      | Reached skill level 5 in Dodging
  2992 | D:4      | Reached skill level 7 in Polearms
  3058 | D:4      | Reached XP level 6. HP: 44/48 MP: 6/6
  3199 | D:4      | Noticed a phantom
  3239 | D:4      | Noticed a phantom
  3284 | D:4      | Killed a phantom
  3284 | D:4      | Reached skill level 8 in Polearms
  3308 | D:4      | Killed a phantom
  3308 | D:4      | Reached skill level 9 in Polearms
  3448 | D:5      | Entered Level 5 of the Dungeon
  3552 | D:5      | Reached XP level 7. HP: 47/54 MP: 7/7
  4069 | D:5      | Reached skill level 10 in Polearms
  4211 | D:5      | Found a hazy altar of Hepliaklqana.
  4270 | D:5      | Reached skill level 11 in Polearms
  4329 | D:5      | Reached XP level 8. HP: 21/60 MP: 8/8
  4695 | D:6      | Reached skill level 12 in Polearms
  4698 | D:6      | Found an iron altar of Okawaru.
  4706 | D:6      | Became a worshipper of Warmaster Okawaru
  4706 | D:6      | Reached * piety under Okawaru
  4706 | D:6      | Reached ** piety under Okawaru
  5019 | D:6      | Found a burning altar of Makhleb.
  5019 | D:6      | Noticed an oklob plant
  5225 | D:6      | Found a glowing drain.
  5239 | Sewer    | Entered a sewer
  5338 | Sewer    | Found a white marble altar of Elyvilon.
  5636 | D:7      | Reached skill level 13 in Polearms
  5816 | D:7      | Reached *** piety under Okawaru
  5871 | D:7      | Noticed Prince Ribbit
  5874 | D:7      | Reached XP level 9. HP: 64/65 MP: 9/9
  5882 | D:7      | Reached skill level 14 in Polearms
  5898 | D:7      | Killed Prince Ribbit
  6194 | D:7      | Reached skill level 5 in Fighting
  6209 | D:7      | Found a basalt altar of Yredelemnul.
  6219 | D:7      | Found a staircase to the Ecumenical Temple.
  6334 | D:7      | Noticed Menkaure
  6341 | D:7      | Killed Menkaure
  6351 | D:7      | Found a basalt altar of Yredelemnul.
  6426 | D:7      | Found a white marble altar of Elyvilon.
  6637 | D:8      | Got a blackened flail
  6638 | D:8      | Identified the +10 flail "Atattiug" {elec, +Fly rC+ Dex-5} (You found it on level 8 of the Dungeon)
  6775 | D:8      | Reached **** piety under Okawaru
  7132 | D:8      | Reached XP level 10. HP: 69/74 MP: 13/15
  7439 | D:8      | Found an ancient bone altar of Kikubaaqudgha.
  8016 | D:8      | Reached ***** piety under Okawaru
  8225 | D:9      | Found Fahox's Antique Weapon Boutique.
  8267 | D:9      | Found Toeklaic's Antique Weapon Boutique.
  8489 | D:9      | Found a burning altar of Makhleb.
  8489 | D:9      | Found Jaeket's Jewellery Shoppe.
  8536 | D:9      | Found Niorph's General Store.
  8918 | D:9      | Found Timoo's Assorted Antiques.
  8987 | D:9      | Found a staircase to the Lair.
  9380 | D:9      | Reached skill level 5 in Armour
  9527 | D:9      | Bought a square citrine amulet for 110 gold pieces
  9527 | D:9      | Bought a scroll of teleportation for 66 gold pieces
  9527 | D:9      | Bought a scroll of fear for 77 gold pieces
  9527 | D:9      | Bought a scroll of blinking for 165 gold pieces
  9527 | D:9      | Bought a wooden wand for 88 gold pieces
  9666 | D:10     | Entered Level 10 of the Dungeon
  9694 | D:10     | Noticed a two-headed ogre
  9725 | D:10     | Slain by a two-headed ogre

Vault maps used:
D:1:      roderic_crop_circles_arrival_small
D:4:      first_ration, minmay_strange_pillars
D:5:      cheibrodos_thug_alley, kennysheep_mini
D:6:      nicolae_overflow_crystal_walls, cheibrodos_sewer_entry_drain,
          lemuel_oklob_altar
D:7:      kennysheep_ying_yang, minmay_temple_entry_glassed_door, basic_altar,
          kennysheep_generic_room_6, uniq_menkaure, uniq_prince_ribbit1
D:8:      lemuel_mausoleum_altar_kikubaaqudgha, st_stairs_8
D:9:      overflow_temple_1_default, erik_lair_orcish_takeover, serial_shops,
          shop, nicolae_shop_crystal, shop, kennysheep_little_box,
          nicolae_shop_overgrown_old_shop, minmay_misc_feat_rows
D:10:     orc_0_dummy, serial_ice, serial_ice_b, serial_ice_l, serial_ice_a,
          serial_ice_e, serial_ice_n, uniq_maurice, uniq_grum
Sewer:    sewer_kobolds

Skill      XL: |  1  2  3  4  5  6  7  8  9 10 |
---------------+-------------------------------+-----
Polearms       | 5 6 7 9 11 13 14 | 14.0
Fighting       | 4 5 6 |  6.1
Armour         | 1 3 5 |  5.1
Dodging        | 5 6 7 |  7.4
Invocations    | 6 8 |  8.7
Stealth        | |  2.1

Action                   |  1- 3 |  4- 6 |  7- 9 | 10-12 || total
-------------------------+-------+-------+-------+-------++-------
Melee: Spear             |   153 |   284 |   325 |       ||   762
       Halberd           |       |       |   263 |   324 ||   587
       Flail             |       |       |    29 |       ||    29
  Use: Scroll            |     8 |     2 |     5 |     4 ||    19
       Potion            |       |       |     3 |     5 ||     8
 Stab: Sleeping          |     7 |       |       |       ||     7
  Eat: Chunk             |     3 |     5 |    12 |     5 ||    25
       Ration            |       |       |       |     1 ||     1
Armor: Robe              |    10 |       |       |       ||    10
       Chain mail        |    17 |    95 |   190 |       ||   302
       Plate armour      |       |       |    30 |   165 ||   195
Dodge: Dodged            |    56 |    48 |   161 |    94 ||   359

Table legend:
 A = Spawn XP
 B = Non-spawn XP
 C = Spawn XP percentage of total XP
 D = Spawn monster count
 E = Non-spawn monster count
 F = Spawn count percentage of total count
 G = Total turns spent on level
                    A         B        C        D         E        F      G
               +---------+---------+-------+---------+---------+-------+---------
         Total |       0 |    8353 |   0.0 |       0 |     249 |   0.0 |  9725
               +---------+---------+-------+---------+---------+-------+---------
           D:1 |       0 |      38 |   0.0 |       0 |      23 |   0.0 |   724
           D:2 |       0 |      41 |   0.0 |       0 |      17 |   0.0 |  1097
           D:3 |       0 |      75 |   0.0 |       0 |      25 |   0.0 |   792
           D:4 |       0 |     446 |   0.0 |       0 |      13 |   0.0 |   835
           D:5 |       0 |     630 |   0.0 |       0 |      28 |   0.0 |  1186
           D:6 |       0 |     599 |   0.0 |       0 |      22 |   0.0 |   805
           D:7 |       0 |    1525 |   0.0 |       0 |      36 |   0.0 |  1037
           D:8 |       0 |    2954 |   0.0 |       0 |      32 |   0.0 |  2037
           D:9 |       0 |    1898 |   0.0 |       0 |      43 |   0.0 |  1018
          D:10 |       0 |      37 |   0.0 |       0 |       1 |   0.0 |    59
         Sewer |       0 |     110 |   0.0 |       0 |       9 |   0.0 |   135
               +---------+---------+-------+---------+---------+-------+---------
